AoeStats
← President of USA

Arena

510307455Analyzed
4v4 RM · 19h ago on Sep 30, 2026· 45m 53s· 8 players
Game mode
Random Map
Map size
Large (8 player)
Population
200
Speed
Normal
Resources
Standard
Victory
Conquest
Starting age
Dark Age
Ending age
Imperial Age
RankedLock teamsTeams togetherTeam positionsShared explorationLock speedFull tech treeHidden civsTurbo modeCheats
Victory
Defeat
🇨🇱 Spanish · Chile
1222
+15
🇹🇼 Vietnamese · Taiwan
1202
+16
🇲🇽 Khmer · Mexico
1200
+16
🇨🇳 Huns · China
1115
+19
🇹🇼 Persians · Taiwan
1271
-20
1242
-18
🇹🇼 Turks · Taiwan
1199
-17
🇹🇼 Britons · Taiwan
1048
-11
b² - 4ac
11:18 Feudal Age
15:57 Castle Age
14:29 Horse Collar
24:42 Double-Bit Axe
26:59 Bow Saw
27:30 Wheelbarrow
27:23 Gold Mining
30:36 Hand Cart
32:52 Imperial Age
31:15 Gold Shaft Mining
30:19 Pikeman
32:56 Capped Ram
33:01 Halberdier
34:39 Double Crossbow
36:01 Loom
36:19 Scale Mail Armor
36:29 Forging
36:12 Fletching
40:16 Ballistics
40:53 Siege Ram
45:02 Siege Engineers
45:58 Chemistry
46:37 Iron Casting
46:17 Chain Mail Armor
45:58 Bodkin Arrow
Shisui
10:56 Feudal Age
14:34 Castle Age
12:53 Double-Bit Axe
15:34 Bow Saw
15:05 Horse Collar
20:37 Stone Mining
21:39 Loom
21:40 Town Watch
27:25 Imperial Age
25:11 Gold Mining
27:02 Redemption
29:11 Two-Man Saw
28:12 Heavy Plow
30:06 Conscription
31:02 Wheelbarrow
32:07 Inquisition
33:35 Hand Cart
33:47 Fletching
33:58 Padded Archer Armor
34:35 Block Printing
35:48 Chemistry
36:06 Leather Archer Armor
36:06 Town Patrol
40:03 Illumination
39:51 Fervor
39:46 Atonement
41:04 Ring Archer Armor
42:59 Ballistics
a506b8123il
10:49 Feudal Age
15:54 Castle Age
14:20 Double-Bit Axe
14:59 Horse Collar
17:07 Bow Saw
18:41 Loom
26:17 Heavy Plow
31:16 Imperial Age
29:11 Fletching
29:18 Gold Mining
29:57 Bodkin Arrow
30:25 Stone Mining
31:04 Padded Archer Armor
31:48 Ballistics
32:08 Bracer
33:16 Chemistry
33:13 Guilds
34:19 Leather Archer Armor
34:50 Wheelbarrow
34:01 Town Watch
35:07 Paper Money
34:48 Pikeman
35:35 Scale Mail Armor
37:25 Chain Mail Armor
37:22 Forging
38:57 Plate Mail Armor
38:29 Squires
39:44 Hand Cart
40:42 Stone Shaft Mining
41:04 Iron Casting
40:05 Capped Ram
42:18 Two-Man Saw
41:55 Crop Rotation
41:03 Elite Rattan Archer
42:07 Siege Engineers
42:59 Thumb Ring
42:20 Elite Skirmisher
44:11 Ring Archer Armor
43:03 Imperial Skirmisher
44:03 Caravan
45:07 Arson
President of USA
2:26 Loom
2:59 Loom
13:03 Feudal Age
14:14 Double-Bit Axe
16:41 Castle Age
14:29 Horse Collar
17:58 Bow Saw
19:42 Wheelbarrow
21:24 Heavy Plow
29:14 Imperial Age
27:04 Scale Barding Armor
26:48 Pikeman
28:19 Chain Barding Armor
28:10 Forging
28:25 Husbandry
28:44 Scale Mail Armor
28:52 Squires
30:05 Hand Cart
29:52 Gold Mining
30:23 Bloodlines
31:25 Chain Mail Armor
31:52 Gold Shaft Mining
30:39 Halberdier
32:18 Plate Barding Armor
32:19 Iron Casting
34:35 Two-Man Saw
34:06 Conscription
36:13 Blast Furnace
35:04 Fletching
35:12 Stone Mining
35:26 Marauders
37:21 Chemistry
39:45 Murder Holes
40:04 Town Watch
41:45 Arson
42:01 Bodkin Arrow
42:20 Masonry
42:31 Ballistics
43:07 Elite Tarkan
7777777
2:47 Loom
12:01 Feudal Age
13:20 Double-Bit Axe
15:52 Castle Age
14:45 Stone Mining
14:48 Gold Mining
16:59 Horse Collar
19:24 Wheelbarrow
24:13 Gold Shaft Mining
23:53 Bow Saw
23:45 Heavy Plow
31:28 Imperial Age
31:04 Scale Barding Armor
32:11 Fletching
32:50 Husbandry
33:01 Bloodlines
37:16 Two-Man Saw
O12
10:02 Feudal Age
13:58 Castle Age
12:12 Double-Bit Axe
12:33 Horse Collar
14:36 Bow Saw
21:15 Wheelbarrow
22:33 Gold Mining
23:01 Heavy Plow
24:04 Stone Mining
28:37 Imperial Age
26:37 Scale Barding Armor
27:14 Loom
27:45 Hand Cart
27:16 Town Watch
28:17 Forging
28:28 Chain Barding Armor
28:29 Husbandry
29:52 Iron Casting
29:29 Bloodlines
30:34 Plate Barding Armor
30:38 Conscription
31:29 Ballistics
31:55 Devotion
34:13 Blast Furnace
34:29 Fletching
34:46 Elite War Elephant
36:11 Guilds
38:08 Bodkin Arrow
38:25 Masonry
38:51 Kamandaran
38:52 Padded Archer Armor
38:50 Cavalier
39:02 Light Cavalry
39:53 Savar
40:24 Hussar
46:01 Chemistry
阿裁
12:18 Feudal Age
12:58 Double-Bit Axe
19:01 Castle Age
16:43 Horse Collar
17:07 Gold Mining
17:33 Loom
17:45 Stone Mining
19:07 Wheelbarrow
19:00 Padded Archer Armor
20:13 Squires
20:27 Bow Saw
20:17 Fletching
20:20 Crossbowman
25:28 Heavy Plow
28:28 Hand Cart
33:13 Imperial Age
31:09 Ballistics
31:17 Leather Archer Armor
30:57 Bodkin Arrow
30:56 Town Watch
33:49 Capped Ram
34:56 Capped Ram
36:29 Ring Archer Armor
37:50 Elite Skirmisher
40:04 Man-at-Arms
40:29 Gambesons
41:19 Bodkin Arrow
41:06 Long Swordsman
42:33 Scale Mail Armor
42:43 Forging
43:36 Chemistry
42:44 Two-Handed Swordsman
44:53 Champion
46:16 Iron Casting
45:56 Chain Mail Armor
boom n type gg noob team
9:42 Feudal Age
9:27 Double-Bit Axe
17:42 Castle Age
15:35 Stone Mining
17:17 Loom
17:44 Bow Saw
19:45 Horse Collar
22:00 Gold Mining
24:26 Gold Shaft Mining
25:25 Wheelbarrow
26:57 Hand Cart
28:58 Squires
29:32 Masonry
32:40 Imperial Age
30:26 Forging
29:43 Pikeman
32:13 Iron Casting
31:31 Halberdier
32:02 Fletching
32:14 Town Watch
34:17 Blast Furnace
33:38 Bodkin Arrow
34:05 Arson
34:35 Devotion
36:05 Conscription
35:08 Man-at-Arms
36:04 Bracer
36:50 Husbandry
37:24 Forced Levy
36:47 Long Swordsman
37:37 Padded Archer Armor
38:12 Ballistics
37:58 Siege Engineers
38:06 Elite Skirmisher
38:52 Thumb Ring
38:18 Two-Handed Swordsman
38:35 Crossbowman
40:01 Leather Archer Armor
39:43 Murder Holes
40:17 Arbalester
41:53 Ring Archer Armor
41:05 Treadmill Crane
Connection lost

Rejoining the realm…

Still unreachable

The connection could not be restored.

Session expired

The server has moved on; the page needs a fresh start.